 Dungeon Crawl Stone Soup version 0.32-a0-616-g9348d4545b (webtiles) character file.

Game seed: 5040717791941193804

200 Iich the Trooper (level 5, -2/42 HPs)
             Began as a Demonspawn Fighter on Mar 5, 2024.
             Slain by a scorpion (6 damage)
             ... on level 3 of the Dungeon.
             The game lasted 00:04:35 (2773 turns).

Iich the Trooper (Demonspawn Fighter)               Turns: 2773, Time: 00:04:35

Health: -2/42      AC:  7    Str: 18    XL:     5   Next: 48%
Magic:  5/5        EV:  8    Int:  8    God:
Gold:   197        SH: 10    Dex: 13    Spells: 4/4 levels left

rFire   . . .        a - +0 war axe
rCold   . . .        k - +2 kite shield
rNeg    . . .        b - +0 scale mail
rPois   .            (helmet restricted)
rElec   .            j - +0 cloak
rCorr   .            (no gloves)
SInv    .            (no boots)
Will    .....        (no amulet) Stlth
                     (no ring)
HPRegen 0.27/turn    (no ring)
MPRegen 0.09/turn

%: no passive effects
@: no status effects
A: antennae 1, powered by pain 1
a: no special abilities


You were on level 3 of the Dungeon.
You visited 1 branch of the dungeon, and saw 4 of its levels.

You collected 197 gold pieces.

Inventory:

Hand Weapons
 a - a +0 war axe (weapon)
Armour
 b - a +0 scale mail (worn)
 j - a +0 cloak (worn)
 k - a +2 kite shield (worn)
 o - a scarf of shadows
 p - a +2 helmet
Jewellery
 n - a ring of ice
Scrolls
 h - a scroll of revelation
 l - a scroll of butterflies
 m - a scroll of vulnerability {unknown}
 t - 2 scrolls of teleportation
Potions
 d - a potion of might
 f - 2 potions of brilliance
 g - a potion of berserk rage {unknown}
 i - a potion of attraction {unknown}
 q - 2 potions of curing


   Skills:
 + Level 4.0 Fighting
 * Level 3.9 Axes
 - Level 2.6 Armour
 + Level 2.1 Dodging
 - Level 2.6 Shields


You had 4 spell levels left.
You didn't know any spells.
Your spell library contained the following spells:

 Spells                   Type           Power      Damage    Failure   Level
 Inner Flame              Hex/Fire       0%         N/A       100%        3
 Irradiate                Conj/Alch      0%         3d11      100%        5
 Ignition                 Fire           0%         3d3       100%        8


Dungeon Overview and Level Annotations

Branches:
Dungeon (4/15)
 Temple: D:4-7

Altars:

Shops:
D:2 =

Annotations:
D:4 Duvessa, Ijyb


Innate Abilities, Weirdness & Mutations

You have a pair of small antennae on your head.
You sometimes gain a little power by taking damage.


Message History

You feel better. You block the scorpion's attack.
You regained 8 hp, and now have 17/42 hp.
The gnoll attacks as it pursues you! You block the gnoll's attack.
Duvessa yells, "You can run, but you cannot escape us forever!"
The scorpion attacks as it pursues you! The scorpion stings you.
* * * LOW HITPOINT WARNING * * *
The gnoll attacks as it pursues you! You block the gnoll's attack.
You take 2 damage, and have 15/42 hp.
The scorpion attacks as it pursues you! You block the scorpion's attack.
The scorpion stings you but does no damage.
The gnoll attacks as it pursues you! You block the gnoll's attack.
The scorpion attacks as it pursues you!
The scorpion stings you but does no damage.
The gnoll attacks as it pursues you! The gnoll hits you with a +0 whip.
* * * LOW HITPOINT WARNING * * *
There is a stone staircase leading up here.
You take 2 damage, and have 13/42 hp.
The scorpion stings you.
* * * LOW HITPOINT WARNING * * *
You climb upwards.
There is a stone staircase leading down, spattered with blood here.
You take 3 damage, and have 10/42 hp.
You slash the gnoll!
The gnoll is severely wounded.
You hit the scorpion. You block the gnoll's attack. The scorpion stings you.
* * * LOW HITPOINT WARNING * * *
You block the gnoll's attack. The scorpion barely misses you.
You take 4 damage, and have 6/42 hp.
You barely miss the gnoll.
The gnoll is severely wounded.
You completely miss the scorpion. The scorpion stings you.
* * * LOW HITPOINT WARNING * * *
You block the gnoll's attack.
You take 2 damage, and have 4/42 hp.
You hit the gnoll.
You kill the gnoll!
You hit the scorpion but do no damage.
The scorpion stings you but does no damage.
The scorpion stings you.
You die...

### ### #.##### #.# #.....# #.#
##.###.########## #.#
#...>#.#..)@s...# #.#
##..#.#.#.######.#### #.####
#.....#.#...........# #.....
#.....#.#......#....####.....
###.....#'#......#....'..#.....
###.............##.#....#........
................##.#....#........
#...............##.#....#........
##.#+##+#.#.#......#.#...#.#+##..


You could see a scorpion.

Vanquished Creatures
  Pargi (D:3)
  A hound (D:3)
  A gnoll (D:3)
  An adder (D:3)
  3 dart slugs
  An orc (D:3)
  5 ball pythons
  3 bats
  4 endoplasms
  2 giant cockroaches (D:2)
  5 goblins
  9 hobgoblins
  6 jackals
  4 quokkas
  3 frilled lizards
  A kobold (D:1)
  5 rats
55 creatures vanquished.

Notes
Turn   | Place    | Note
-------+----------+-------------------------------------------
     0 | D:1      | Iich the Demonspawn Fighter began the quest for the Orb.
     0 | D:1      | Reached XP level 1. HP: 18/18 MP: 1/1
    93 | D:1      | Gained mutation: You sometimes gain a little power by
                  | taking damage. [demonic ancestry]
    93 | D:1      | Reached XP level 2. HP: 24/24 MP: 2/2
   455 | D:1      | Reached skill level 1 in Dodging
   491 | D:1      | Reached XP level 3. HP: 28/29 MP: 3/3
   923 | D:2      | Found Hihasa Sukk's Jewellery Emporium.
  1555 | D:3      | Reached XP level 4. HP: 33/37 MP: 4/4
  2316 | D:4      | Noticed Ijyb
  2659 | D:4      | Noticed Pargi
  2686 | D:3      | Killed Pargi
  2687 | D:3      | Reached skill level 4 in Fighting
  2687 | D:3      | Gained mutation: You have a pair of small antennae on your
                  | head. [demonic ancestry]
  2687 | D:3      | Reached XP level 5. HP: 27/42 MP: 5/5
  2755 | D:4      | Noticed Duvessa
  2773 | D:3      | Slain by a scorpion

Illustrated notes

Levels and vault maps discovered:
D:1:      minmay_arrival_hallway, layout_loops_cross
D:2:      layout_basic, serial_shops, shop
D:3:      layout_basic
D:4:      layout_cave_pools, grunt_temple_overflow_gold_and_silver,
          nicolae_ru_great_annihilating_truth, minmay_misc_feat_rows,
          uniq_sigmund, uniq_duvessa, uniq_ijyb, uniq_pargi, uniq_blork_the_orc

Skill      XL: |  1  2  3  4 |
---------------+-------------+-----
Axes           | 2 3 |  3.9
Dodging        | 1 2 |  2.1
Fighting       | 4 |  4.0
Armour         | |  2.6
Shields        | |  2.6

Action                     |  1- 3 |  4- 6 || total
---------------------------+-------+-------++-------
  Melee: War axe           |   119 |    58 ||   177
    Use: Potion            |     2 |     1 ||     3
         Scroll            |       |     3 ||     3
 Armour: Scale mail        |    87 |    76 ||   163
  Dodge: Dodged            |    37 |    38 ||    75
  Block: Buckler           |    13 |       ||    13
         Kite shield       |    36 |    68 ||   104

Table legend: (Time is in decaauts)
 A = Elapsed time spent in this place.
 B = Non-inter-level travel time spent in this place.
 C = Inter-level travel time spent in this place.
 D = Time resting spent in this place.
 E = Time spent auto-exploring this place.
 F = Levels seen in this place.
 G = Mean time per level.
                   A        B        C        D        E       F      G
               +--------+--------+--------+--------+--------+-----+--------+
         Total |   2856 |   2793 |     63 |    361 |   1890 |   4 |  714.0 |
       Dungeon |   2856 |   2793 |     63 |    361 |   1890 |   4 |  714.0 |
               +--------+--------+--------+--------+--------+-----+--------+

Top non-repeatable levels by time:
     D:3: 1361 daAuts
     D:2: 814 daAuts
     D:1: 637 daAuts
     D:4: 42 daAuts
